 Dungeon Crawl Stone Soup version 0.31.0-12-g77e489cdc1 (webtiles) character file.

Game seed: 15104268055056035172

2608 Peloso the Carver (level 9, -2/79 HPs)
             Began as a Minotaur Fighter on Feb 16, 2024.
             Was an Initiate of Okawaru.
             Slain by a yak (5 damage)
             ... on level 8 of the Dungeon.
             The game lasted 00:09:54 (4925 turns).

Peloso the Carver (Minotaur Fighter)                Turns: 4925, Time: 00:09:55

Health: -2/79      AC: 14    Str: 20    XL:     9   Next: 33%
Magic:  8/8        EV:  9    Int:  5    God:    Okawaru [......]
Gold:   94         SH:  6    Dex: 15    Spells: 8/8 levels left

rFire   . . .        a - +3 scimitar (flame)
rCold   . . .        d - +0 buckler
rNeg    . . .        c - +0 chain mail
rPois   .            (helmet restricted)
rElec   .            (no cloak)
rCorr   .            n - +0 pair of gloves
SInv    .            p - +1 pair of boots
Will    .....        (no amulet) Stlth
                     (no ring)
HPRegen 0.33/turn    (no ring)
MPRegen 0.11/turn

%: no passive effects
@: no status effects
A: horns 2, retaliatory headbutt
a: Renounce Religion


You were on level 8 of the Dungeon.
You worshipped Okawaru.
Okawaru was noncommittal.
You visited 2 branches of the dungeon, and saw 9 of its levels.

You collected 336 gold pieces.
You spent 242 gold pieces at shops.

Inventory:

Hand Weapons
 a - a +3 scimitar of flaming (weapon)
 b - a +1 long sword
Armour
 c - a +0 chain mail (worn)
 d - a +0 buckler (worn)
 n - a +0 pair of gloves (worn)
 p - a +1 pair of boots (worn)
Jewellery
 m - a ring of see invisible
 s - an amulet of magic regeneration
 A - a ring of willpower
Wands
 x - a wand of roots (11)
 y - a wand of flame (30)
Scrolls
 e - a scroll of acquirement {unknown}
 i - a scroll of noise {unknown}
 k - 3 scrolls of teleportation {unknown}
 o - 3 scrolls of poison {unknown}
 q - 5 scrolls of enchant armour {unknown}
 u - 3 scrolls of brand weapon {unknown}
 w - a scroll of torment {unknown}
Potions
 f - 3 potions of curing
 g - 3 potions of haste
 h - 3 potions of might
 j - 3 potions of degeneration {unknown}
 l - a potion of brilliance {unknown}
 r - a potion of heal wounds {unknown}
 t - a potion of berserk rage {unknown}
 v - a potion of resistance {unknown}
 z - a potion of enlightenment {unknown}


   Skills:
 + Level 7.4 Fighting
 + Level 9.9 Long Blades
 + Level 8.0 Armour
 + Level 3.0 Dodging
 + Level 0.7 Stealth
 + Level 6.8 Shields


You had 8 spell levels left.
You didn't know any spells.
Your spell library contained the following spells:

 Spells                   Type           Power      Damage    Failure   Level
 Magic Dart               Conj           0%         1d3       98%         1
 Blink                    Tloc           0%         N/A       99%         2
 Hailstorm                Conj/Ice       0%         3d5       100%        3
 Call Imp                 Summ           Unusable   N/A       N/A         2
 Summon Ice Beast         Ice/Summ       Unusable   N/A       N/A         3
 Sculpt Simulacrum        Ice/Alch       Unusable   N/A       N/A         6

Dungeon Overview and Level Annotations

Branches:
Dungeon (8/15)             Temple (1/1) D:7
   Lair: D:8-11

Altars:
Ashenzari
Cheibriados
Dithmenos
Elyvilon
Fedhas
Gozag
Hepliaklqana
Kikubaaqudgha
Makhleb
Nemelex Xobeh
Okawaru
Qazlal
Ru
Sif Muna
Trog
Uskayaw
Vehumet
Wu Jian
Xom
Yredelemnul
Zin
The Shining One

Shops:
D:7 (

Annotations:
D:3 2 runed translucent doors, Nimbul's ghost, amateur SpWr
D:6 Prince Ribbit
D:7 3 runed translucent doors, Killerpretzel's ghost, novice OpSh
Temple 2 transporters


Innate Abilities, Weirdness & Mutations

You have a pair of horns on your head.
You reflexively headbutt those who attack you in melee.


Message History

You block the yak's attack. The yak attacks as it pursues you!
The yak completely misses you. The yak attacks as it pursues you!
You block the yak's attack. The yak attacks as it pursues you!
The yak gores you but does no damage. The yak attacks as it pursues you!
The yak gores you. The yak attacks as it pursues you! The yak gores you!
The yak attacks as it pursues you! The yak gores you but does no damage.
The yak attacks as it pursues you! The yak gores you but does no damage.
Found a wand of roots (5).
Found a shadowy altar of Dithmenos.
You slash the yak! You burn the yak!
The yak is severely wounded.
The yak closely misses you. You furiously retaliate!
You headbutt the yak. You barely miss the yak. You block the yak's attack.
The yak gores you but does no damage. The yak barely misses you.
You furiously retaliate!
You headbutt the yak! You hit the yak but do no damage.
The yak is moderately wounded.
You block the yak's attack. The yak gores you!
* * * LOW HITPOINT WARNING * * *
The yak gores you but does no damage.
Unknown command.
You slash the yak! You burn the yak. You headbutt the yak, but do no damage.
The yak is heavily wounded.
The yak gores you but does no damage. The yak barely misses you.
The yak gores you but does no damage.
You barely miss the yak. You headbutt the yak.
The yak is severely wounded.
The yak gores you.
* * * LOW HITPOINT WARNING * * *
The yak barely misses you. The yak gores you!
* * * LOW HITPOINT WARNING * * *
Unknown command.
You feel better. The yak gores you!
* * * LOW HITPOINT WARNING * * *
You block the yak's attack. The yak closely misses you.
You feel better. The yak closely misses you. The yak barely misses you.
The yak gores you.
* * * LOW HITPOINT WARNING * * *
The yak attacks as it pursues you! The yak gores you.
You die...

.........# ....#
#... .........##
#...##§§..
..........#
#...#../..
..........##
#.......§.
...........#
#........_
...........###....§§
...............Y.#
.............###Y#
...........Y.##Y@#
...........Y###^.#
............# #...
###.....#...# ##...
###.###..## #....
####...# ##....
##..## #.... #...#
##... #..##


You could see 3 yaks.

Vanquished Creatures
  Pikel (D:5)
  A yak (D:8)
  Sigmund (D:5)
  2 steam dragons
  A water moccasin (D:7)
  2 ice beasts (D:7)
  2 sky beasts
  2 black bears
  2 ogres
  A lemure (D:4)
  A phantom (D:6)
  A bullfrog (D:7)
  A scorpion (D:4)
  2 howler monkeys (D:4)
  2 hounds (D:5)
  A gnoll bouda (D:6)
  2 iguanas (D:5)
  Natasha (thrice) (D:2)
  2 orc wizards
  6 adders
  8 gnolls
  2 white imps
  2 ufetubi (D:6)
  4 dart slugs
  A ribbon worm (D:2)
  16 orcs
  7 bats
  6 endoplasms
  2 giant cockroaches
  5 hobgoblins
  2 jackals (D:1)
  6 quokkas
  10 ball pythons
  2 frilled lizards (D:1)
  7 goblins
  9 kobolds
  5 rats
130 creatures vanquished.

Notes
Turn   | Place    | Note
-------+----------+-------------------------------------------
     0 | D:1      | Peloso the Minotaur Fighter began the quest for the Orb.
     0 | D:1      | Reached XP level 1. HP: 19/19 MP: 0/0
    83 | D:1      | Reached XP level 2. HP: 27/27 MP: 1/1
   501 | D:1      | Reached XP level 3. HP: 31/33 MP: 2/2
   546 | D:2      | Noticed Natasha
   553 | D:2      | Killed Natasha
   554 | D:2      | Reached skill level 3 in Long Blades
   606 | D:2      | Reached XP level 4. HP: 40/40 MP: 3/3
   683 | D:2      | Noticed Natasha
   691 | D:2      | Killed Natasha
   737 | D:2      | Noticed Natasha
   745 | D:2      | Reached skill level 5 in Shields
   745 | D:2      | Killed Natasha
   746 | D:2      | Reached skill level 1 in Dodging
   752 | D:2      | Reached XP level 5. HP: 39/46 MP: 4/4
   894 | D:2      | Found a faded altar of an unknown god.
  1213 | D:3      | Found a large runed translucent door.
  1213 | D:3      | Found a large runed translucent door.
  1215 | D:3      | Noticed Nimbul's ghost (amateur SpWr)
  1628 | D:4      | Reached skill level 4 in Long Blades
  1659 | D:4      | Reached XP level 6. HP: 42/53 MP: 5/5
  1884 | D:4      | Reached skill level 5 in Long Blades
  1884 | D:4      | Reached skill level 5 in Armour
  2373 | D:5      | Entered Level 5 of the Dungeon
  2475 | D:5      | Reached skill level 5 in Fighting
  2618 | D:5      | Noticed Sigmund
  2712 | D:5      | Reached XP level 7. HP: 61/61 MP: 6/6
  2858 | D:5      | Found a burning altar of Makhleb.
  2858 | D:5      | You fall into a shaft and drop 2 floors!
  2904 | D:7      | Reached skill level 6 in Long Blades
  3364 | D:6      | Noticed Prince Ribbit
  3366 | D:6      | Reached XP level 8. HP: 64/70 MP: 7/7
  3415 | D:5      | Found a hide-covered altar of Uskayaw.
  3484 | D:5      | Killed Sigmund
  3485 | D:5      | Reached skill level 7 in Long Blades
  3800 | D:6      | Noticed Pikel
  3936 | D:5      | Killed Pikel
  3937 | D:5      | Reached skill level 8 in Long Blades
  4136 | D:7      | Found Gahum's Hydra Hut.
  4148 | D:7      | Reached skill level 9 in Long Blades
  4156 | D:7      | Noticed a six-headed hydra
  4165 | D:7      | Bought a +3 scimitar of flaming for 242 gold pieces
  4240 | D:7      | Reached XP level 9. HP: 65/78 MP: 8/8
  4298 | D:7      | Found a staircase to the Ecumenical Temple.
  4469 | Temple   | Found a transporter.
  4469 | Temple   | Found a transporter.
  4469 | Temple   | Found a transporter.
  4469 | Temple   | Found a transporter.
  4469 | Temple   | Entered the Ecumenical Temple
  4487 | Temple   | Became a worshipper of Warmaster Okawaru
  4533 | D:7      | Found a runed translucent gate.
  4534 | D:7      | Found a runed translucent gate.
  4535 | D:7      | Found a runed translucent gate.
  4536 | D:7      | Found an opulent altar of Gozag.
  4537 | D:7      | Noticed Killerpretzel's ghost (novice OpSh)
  4537 | D:7      | Noticed a purple ugly thing
  4914 | D:8      | Found a shadowy altar of Dithmenos.
  4923 | D:8      | HP: 1/79 [yak (12)]
  4925 | D:8      | Slain by a yak

Illustrated notes

Levels and vault maps discovered:
D:1:      minmay_arrival_open_corners, layout_rooms
D:2:      layout_rooms, dilly_ecumenical_altar_fadedgnrine, uniq_natasha
D:3:      layout_basic, ebering_ghost_disaster_area
D:4:      layout_loops_ring, chequers_serial_rivers_small_a,
          amcnicky_mini_pool_small, grunt_ministairs_7
D:5:      layout_rooms, jmf_multi_god_temple, sigmund_army
D:6:      layout_cave_pools, uniq_pikel, uniq_prince_ribbit1
D:7:      layout_rooms, minmay_temple_entry_hall, ebering_ghost_gozag,
          doesnt_shop_hydraphobe
D:8:      layout_cave_pods, nicolae_dithmenos_the_darkroom, uniq_maurice
Temple:   hellmonk_temple_divided_pantheon

Skill      XL: |  1  2  3  4  5  6  7  8  9 |
---------------+----------------------------+-----
Shields        | 4 5 6 |  6.8
Armour         | 4 5 6 7 8 |  8.0
Fighting       | 4 5 6 7 |  7.4
Long Blades    | 3 4 5 6 9 |  9.9
Dodging        | 1 2 3 |  3.0
Stealth        | |  0.7

Action                     |  1- 3 |  4- 6 |  7- 9 || total
---------------------------+-------+-------+-------++-------
  Melee: Long sword        |    55 |   146 |   128 ||   329
         Headbutt          |     8 |    17 |    32 ||    57
         Scimitar          |       |       |    44 ||    44
    Use: Scroll            |       |     3 |       ||     3
         Potion            |       |       |     2 ||     2
 Armour: Scale mail        |    36 |       |       ||    36
         Chain mail        |       |   132 |   184 ||   316
  Dodge: Dodged            |    25 |    59 |    81 ||   165
  Block: Buckler           |    15 |    46 |    53 ||   114
